 Dungeon Crawl Stone Soup version 0.29-a0-22-gbf593b16ee (webtiles) character file.

Game seed: 6160431918178551880

138 enile the Chopper (level 5, 0/40 HPs)
             Began as a Gnoll Wanderer on Jan 30, 2022.
             Slain by an orc wizard (2 damage)
             ... on level 3 of the Dungeon.
             The game lasted 00:05:12 (2683 turns).

enile the Chopper (Gnoll Wanderer)                  Turns: 2683, Time: 00:05:12

Health: 0/40       AC:  4    Str: 12    XL:     5   Next: 21%
Magic:  3/9        EV: 11    Int: 14    God:
Gold:   65         SH:  0    Dex: 10    Spells: 6/10 levels left

rFire   . . .      SeeInvis .   o - +2 Maxwell's thermic engine {flame, freeze}
rCold   . . .      Faith    .   b - +0 buckler
rNeg    . . .      Spirit   .   c - +0 robe
rPois   .          Reflect  .   j - +0 helmet
rElec   .          Harm     .   (no cloak)
rCorr   .          Rampage  .   (no gloves)
Will    .....                   d - +0 pair of boots
Stlth   +.........              (no amulet)
HPRegen 0.13/turn               (no ring)
MPRegen 0.11/turn               (no ring)

@: confused
A: fangs 1, strong nose, distributed training
a: no special abilities


You were on level 3 of the Dungeon.
You visited 1 branch of the dungeon, and saw 3 of its levels.

You collected 65 gold pieces.

Inventory:

Hand Weapons
 a - a +0 hand axe
 f - a +0 short sword
 m - a +0 halberd
 o - the +2 Maxwell's thermic engine (weapon) {flame, freeze}
   (You found it on level 2 of the Dungeon)

   It burns those it strikes, dealing additional fire damage.
   Big, fiery blades are also staple armaments of hydra-hunters.
   It freezes those it strikes, dealing additional cold damage.
   It can also slow down cold-blooded creatures.
   It becomes more effective when it hits something.
   This effect fades over time.
Armour
 b - a +0 buckler (worn)
 c - a +0 robe (worn)
 d - a +0 pair of boots (worn)
 j - a +0 helmet (worn)
 p - a +0 ring mail
Scrolls
 e - 2 scrolls of teleportation {unknown}
 g - a scroll of amnesia {unknown}
 h - 4 scrolls of identify {unknown}
 i - 2 scrolls of holy word {unknown}
 l - a scroll of enchant armour {unknown}
Potions
 k - a potion of heal wounds {unknown}
 n - a potion of resistance {unknown}
 q - a potion of curing {unknown}


   Skills:
 + Level 2.9 Fighting
 + Level 1.4 Short Blades
 + Level 1.4 Long Blades
 + Level 6.6 Axes
 + Level 1.4 Maces & Flails
 + Level 1.4 Polearms
 + Level 1.4 Staves
 + Level 1.4 Slings
 + Level 1.4 Bows
 + Level 1.4 Crossbows
 + Level 1.4 Throwing
 + Level 1.4 Armour
 + Level 1.4 Dodging
 + Level 1.4 Stealth
 + Level 2.9 Shields
 + Level 1.4 Unarmed Combat
 + Level 3.1 Spellcasting
 + Level 1.1 Conjurations
 + Level 1.1 Hexes
 + Level 1.1 Summonings
 + Level 1.1 Necromancy
 + Level 1.1 Translocations
 + Level 1.1 Transmutations
 + Level 1.1 Fire Magic
 + Level 1.1 Ice Magic
 + Level 1.1 Air Magic
 + Level 1.1 Earth Magic
 + Level 5.5 Poison Magic
 + Level 1.5 Invocations
 + Level 2.9 Evocations


You had 6 spell levels left.
You knew the following spells:

 Your Spells              Type           Power      Damage    Failure   Level
a - Sting                 Tmut/Pois      44%        1d5       7%          1
b - Mephitic Cloud        Conj/Pois/Air  9%         N/A       28%         3

Your spell library contained the following spells:

 Spells                   Type           Power      Damage    Failure   Level
 Olgreb's Toxic Radiance  Pois           17%        N/A       28%         4


Dungeon Overview and Level Annotations

Branches:
Dungeon (3/15)

Altars:
Makhleb
Sif Muna

Shops:
D:1 ([[(

Annotations:
D:2 1 runed translucent door, Crazy Yiuf


Innate Abilities, Weirdness & Mutations

You have very sharp teeth.
Your uncanny sense of smell can sniff out nearby items.
Your experience applies equally to all skills.


Message History

Press: ? - help, Shift-Dir - straight line, f - orc
Aim: an orc, wielding a +0 short sword (confused, chance to affect: 96%)
You miscast Mephitic Cloud.
Nothing appears to happen.
The orc wizard gestures at you while chanting.
You are confused.
You're too confused to cast spells.
The orc seems less confused.
You're too confused to move!
The orc wizard mumbles some strange words.
The orc wizard flickers and vanishes!
Deactivating autopickup; reactivate with Ctrl-A.
You feel less confused. The orc closely misses you.
You hit the orc. You burn the orc. You freeze the orc.
You kill the orc!
Something hits you.
You hear some strange, mumbled words.
You are confused.
You miss something. Something hits you. Something hits you but does no damage.
You slash the orc! You burn the orc.
You kill the orc!
You hear some strange, mumbled words.
A puff of flame appears from out of thin air!
The puff of flame hits you. Something hits you.
You hear some strange, mumbled words.
You are more confused.
You completely miss something. Your bite misses something. Something hits you.
* * * LOW HITPOINT WARNING * * *
You're too confused to move!
Something hits you.
* * * LOW HITPOINT WARNING * * *
You hear some strange, mumbled words.
You are more confused.
You're too confused to move!
Something hits you.
* * * LOW HITPOINT WARNING * * *
Your magical contamination has completely faded away.
You barely miss something. Something hits you.
* * * LOW HITPOINT WARNING * * *
Something hits you.
You die...

####.......#8###8##...##8###8#.#
#.#####...†.................#
#.# #.....................# #.#
#..........†..........# #.#
###8###8##...##8###8###
#.##############...#### ### #
#.##...###....#8.))8# ##
#.##.#......#.##...##
.###..._..###...@##...# .#
...)..#.#.# #.){.##...## #.#
..#..##...###..###8...8#####.##
..#.†##..........##...###......
♣.....#..#####.####..........#
....#.#..# ##.## ####>.#.##.#
.........# #...# #.......#
.........# #...# #.####..#
...♣#.#### #...# #.......# ##


There were no monsters in sight!

Vanquished Creatures
  4 gnolls (D:2)
  2 adders
  A worm (D:2)
  3 dart slugs
  10 orcs
  6 bats
  4 endoplasms
  A giant cockroach (D:2)
  4 hobgoblins
  8 kobolds
  3 quokkas
  7 ball pythons
  A frilled lizard (D:2)
  3 goblins (D:3)
  7 rats
64 creatures vanquished.

Notes
Turn   | Place    | Note
-------+----------+-------------------------------------------
     0 | D:1      | enile the Gnoll Wanderer began the quest for the Orb.
     0 | D:1      | enile set off with the following items: a +0 hand axe, a +0
                  | buckler, a +0 robe; and the following spell memorised:
                  | Sting; and the following spells available to memorise:
                  | Olgreb's Toxic Radiance, Mephitic Cloud
     0 | D:1      | Reached XP level 1. HP: 17/17 MP: 4/4
   284 | D:1      | Found Piwifoar's Antique Weapon Shoppe.
   357 | D:1      | Found Qasim's Armour Emporium.
   359 | D:1      | Found Risu's Antique Armour Shoppe.
   366 | D:1      | Found Ysaicekh's Antique Weapon Emporium.
   477 | D:1      | Reached XP level 2. HP: 23/23 MP: 5/5
  1063 | D:1      | Reached XP level 3. HP: 28/28 MP: 2/7
  1197 | D:2      | Learned a level 3 spell: Mephitic Cloud
  1272 | D:2      | Found a burning altar of Makhleb.
  1373 | D:2      | Reached skill level 1 in Invocations
  1393 | D:2      | Reached skill level 1 in Short Blades
  1393 | D:2      | Reached skill level 1 in Long Blades
  1393 | D:2      | Reached skill level 1 in Maces & Flails
  1393 | D:2      | Reached skill level 1 in Polearms
  1393 | D:2      | Reached skill level 1 in Staves
  1393 | D:2      | Reached skill level 1 in Slings
  1393 | D:2      | Reached skill level 1 in Bows
  1393 | D:2      | Reached skill level 1 in Crossbows
  1393 | D:2      | Reached skill level 1 in Throwing
  1393 | D:2      | Reached skill level 1 in Armour
  1393 | D:2      | Reached skill level 1 in Dodging
  1393 | D:2      | Reached skill level 1 in Stealth
  1393 | D:2      | Reached skill level 1 in Unarmed Combat
  1418 | D:2      | Reached XP level 4. HP: 29/34 MP: 0/8
  1725 | D:2      | Reached skill level 1 in Conjurations
  1725 | D:2      | Reached skill level 1 in Hexes
  1725 | D:2      | Reached skill level 1 in Summonings
  1725 | D:2      | Reached skill level 1 in Necromancy
  1725 | D:2      | Reached skill level 1 in Translocations
  1725 | D:2      | Reached skill level 1 in Transmutations
  1725 | D:2      | Reached skill level 1 in Fire Magic
  1725 | D:2      | Reached skill level 1 in Ice Magic
  1725 | D:2      | Reached skill level 1 in Air Magic
  1725 | D:2      | Reached skill level 1 in Earth Magic
  2009 | D:2      | Found a runed translucent door.
  2010 | D:2      | Noticed Crazy Yiuf
  2070 | D:2      | Found the +2 Maxwell's thermic engine {flame, freeze}
  2074 | D:2      | Found a faded altar of an unknown god.
  2092 | D:2      | You fall into a shaft and drop 1 floor!
  2465 | D:3      | Reached XP level 5. HP: 39/40 MP: 5/9
  2557 | D:3      | Found a shimmering blue altar of Sif Muna.
  2683 | D:3      | HP: 2/40 [something (3)]
  2683 | D:3      | Slain by an orc wizard

Illustrated notes

Levels and vault maps discovered:
D:1:      psy_arrival_radial02, layout_basic, serial_shops, shop_statue, shop,
          nicolae_shop_advertising_works [nicolae_subvault_shop_adworks], shop
D:2:      layout_loops_ring, hellmonk_ecumenical_altar_blasted, basic_altar,
          uniq_crazy_yiuf_cottage
D:3:      layout_loops_cross, lemuel_crystal_altar, corexii_hall_statues_x,
          kennysheep_decorative_pillar, kennysheep_generic_room_11

Skill      XL: |  1  2  3  4 |
---------------+-------------+-----
Invocations    | 1 |  1.5
Short Blades   | 1 |  1.4
Long Blades    | 1 |  1.4
Maces & Flails | 1 |  1.4
Polearms       | 1 |  1.4
Staves         | 1 |  1.4
Slings         | 1 |  1.4
Bows           | 1 |  1.4
Crossbows      | 1 |  1.4
Throwing       | 1 |  1.4
Armour         | 1 |  1.4
Dodging        | 1 |  1.4
Stealth        | 1 |  1.4
Unarmed Combat | 1 |  1.4
Spellcasting   | 3 |  3.1
Conjurations   | 1 |  1.1
Hexes          | 1 |  1.1
Summonings     | 1 |  1.1
Necromancy     | 1 |  1.1
Translocations | 1 |  1.1
Transmutations | 1 |  1.1
Fire Magic     | 1 |  1.1
Ice Magic      | 1 |  1.1
Air Magic      | 1 |  1.1
Earth Magic    | 1 |  1.1
Fighting       | |  2.9
Axes           | |  6.6
Shields        | |  2.9
Poison Magic   | |  5.5
Evocations     | |  2.9

Action                   |  1- 3 |  4- 6 || total
-------------------------+-------+-------++-------
Melee: Hand axe          |    67 |    34 ||   101
       Bite              |     6 |     9 ||    15
       Double sword      |       |    36 ||    36
 Cast: Sting             |    30 |    24 ||    54
       Mephitic Cloud    |     1 |     2 ||     3
Armor: Robe              |    23 |    23 ||    46
Dodge: Dodged            |    57 |    35 ||    92
Block: Buckler           |    14 |    10 ||    24

Table legend: (Time is in decaauts)
 A = Elapsed time spent in this place.
 B = Non-inter-level travel time spent in this place.
 C = Inter-level travel time spent in this place.
 D = Time resting spent in this place.
 E = Time spent auto-exploring this place.
 F = Levels seen in this place.
 G = Mean time per level.
                   A        B        C        D        E       F      G
               +--------+--------+--------+--------+--------+-----+--------+
         Total |   2699 |   2673 |     26 |      0 |   2121 |   3 |  899.7 |
       Dungeon |   2699 |   2673 |     26 |      0 |   2121 |   3 |  899.7 |
               +--------+--------+--------+--------+--------+-----+--------+

Top non-repeatable levels by time:
     D:1: 1144 daAuts
     D:2: 950 daAuts
     D:3: 604 daAuts
